 Dungeon Crawl Stone Soup version 0.26.1-11-gd32895ea62 (webtiles) character file.

Game seed: 9967672903249411412

208 vvl the Conjurer (level 5, -3/44 HPs)
             Began as a Draconian Conjurer on July 8, 2021.
             Slain by an orc wizard
             ... wielding a +0 dagger
              (6 damage)
             ... on level 3 of the Dungeon.
             The game lasted 00:07:24 (4110 turns).

vvl the Conjurer (Draconian Conjurer)               Turns: 4110, Time: 00:07:24

Health: -3/44      AC:  5    Str:  9    XL:     5   Next: 55%
Magic:  5/9        EV: 12    Int: 19    God:
Gold:   171        SH:  0    Dex: 10    Spells: 9/10 levels left

rFire    . . .     SeeInvis .   j - +1 dagger (speed)
rCold    . . .     Faith    .   (no shield)
rNeg     . . .     Spirit   .   (armour unavailable)
rPois    .         Reflect  .   (helmet restricted)
rElec    .         Harm     .   (no cloak)
rCorr    .         Rampage  .   (no gloves)
Will     .....                  (no boots)
Stlth    ++........             (no amulet)
HPRegen  0.14/turn              (no ring)
MPRegen  0.11/turn              (no ring)

@: no status effects
A: unfitting armour, cold-blooded, AC +5
a: no special abilities


You were on level 3 of the Dungeon.
You visited 1 branch of the dungeon, and saw 4 of its levels.

You collected 171 gold pieces.

Inventory:

Hand Weapons
 j - a +1 dagger of speed (weapon)
Wands
 o - a wand of digging (5)
 p - a wand of flame (25)
Scrolls
 a - a scroll of enchant armour {unknown}
 b - a scroll of identify {unknown}
 c - a scroll of teleportation {unknown}
 e - a scroll of remove curse
 i - a scroll of enchant weapon {unknown}
 m - a scroll of fog {unknown}
Potions
 d - a potion of resistance {unknown}
 f - a potion of curing {unknown}
 g - 2 potions of brilliance {unknown}
 h - a potion of heal wounds
 k - a potion of mutation {unknown}
 l - a potion of degeneration {unknown}


   Skills:
 + Level 2.9 Fighting
 - Level 2.0 Dodging
 - Level 2.0 Stealth
 + Level 3.3 Spellcasting
 * Level 5.2 Conjurations


You had 9 spell levels left.
You knew the following spells:

 Your Spells              Type           Power        Failure   Level
a - Magic Dart            Conj           92%          1%          1

Your spell library contained the following spells:

 Spells                   Type           Power        Failure   Level
 Searing Ray              Conj           46%          2%          2
 Dazzling Flash           Conj/Hex       26%          16%         3
 Fulminant Prism          Conj/Hex       6%           45%         4
 Iskenderun's Mystic Bla  Conj/Tloc      13%          45%         4


Dungeon Overview and Level Annotations

Branches:
Dungeon (4/15)
 Temple: D:4-7

Altars:
Cheibriados

Annotations:
D:4 Eustachio


Innate Abilities, Weirdness & Mutations

Your plain brown scales are hard. (AC +5)
You cannot fit into any form of body armour.
You are cold-blooded and may be slowed by cold attacks.


Message History

The orc wizard is heavily wounded.
The orc wizard hits you with a +0 dagger.
* * * LOW HITPOINT WARNING * * *
Casting: Magic Dart (safe; 1% risk of failure)
Confirm with . or Enter, or press ? or * to list all spells.
Aiming: Magic Dart (safe; 1% risk of failure)
Press: ? - help, Shift-Dir - straight line, f/p - orc wizard
Aim: an orc wizard, wielding a +0 dagger and wearing a +0 robe (heavily wounded, 0% to evade)
The magic dart hits the orc wizard.
The orc wizard is severely wounded.
The orc wizard points at itself and mumbles some strange words.
The orc wizard flickers and vanishes!
Deactivating autopickup; reactivate with Ctrl-A.
You miss something.
You hear some strange, mumbled words.
A puff of flame appears from out of thin air!
The puff of flame hits you.
* * * LOW HITPOINT WARNING * * *
You closely miss something. Something hits you.
You die...

#.#### #.# #.# #.#
.....# #.# #.#######.#
#..#.# #.# #.........#
##.#.#
#.######.#########
#.#.# #......#.# #.#.#
######.#.#
##.#.########### ##.#.#
##.#...........###....#
##.###########..@.....#
##.# #...)....{......#
...# #.#########.#.#.#
#### #.# #.#.#.#####
#.# #.#.#.....#
#######.#
#.#.#.###.######
........# #.....#
#......# #########
###.#.###.####.#
#.#.....# #.#


There were no monsters in sight!

Vanquished Creatures
  Ijyb (D:3)
  Terence (D:2)
  5 adders
  3 gnolls (D:3)
  An ooze (D:2)
  A worm (D:2)
  5 dart slugs
  3 leopard geckos
  3 orcs
  5 bats
  3 giant cockroaches
  7 hobgoblins
  2 jackals (D:1)
  6 kobolds
  2 quokkas
  A ball python (D:2)
  6 frilled lizards
  4 goblins
  8 rats
67 creatures vanquished.

Notes
Turn   | Place    | Note
-------+----------+-------------------------------------------
     0 | D:1      | vvl the Draconian Conjurer began the quest for the Orb.
     0 | D:1      | Reached XP level 1. HP: 14/14 MP: 3/3
   366 | D:1      | Reached XP level 2. HP: 22/22 MP: 3/5
   973 | D:1      | Reached skill level 1 in Fighting
  1419 | D:2      | Reached XP level 3. HP: 19/28 MP: 2/6
  1960 | D:2      | Noticed Terence
  1992 | D:2      | Killed Terence
  1993 | D:2      | Reached XP level 4. HP: 21/36 MP: 5/8
  2893 | D:3      | Found a snail-covered altar of Cheibriados.
  3107 | D:3      | Reached XP level 5. HP: 42/42 MP: 5/9
  3111 | D:3      | Reached skill level 5 in Conjurations
  3638 | D:3      | Noticed Ijyb
  3677 | D:3      | Killed Ijyb
  4030 | D:4      | Noticed Eustachio
  4110 | D:3      | Slain by an orc wizard

Illustrated notes

Levels and vault maps discovered:
D:1:      shiori_arrival_maze, layout_loops_ring
D:2:      layout_basic, uniq_terence
D:3:      layout_loops_ring, cheibriados_altar_1, uniq_ijyb
D:4:      layout_basic, gammafunk_temple_overflow_claw, serial_shops,
          nicolae_shop_stone, uniq_eustachio

Skill      XL: |  1  2  3  4  5 |
---------------+----------------+-----
Stealth        | 2 |  2.0
Dodging        | 2 |  2.0
Fighting       | 1 2 |  2.9
Spellcasting   | 3 |  3.3
Conjurations   | 5 |  5.2

Action                   |  1- 3 |  4- 6 || total
-------------------------+-------+-------++-------
Melee: Unarmed           |    20 |       ||    20
       Short sword       |    48 |       ||    48
       Tailslap          |    13 |    11 ||    24
       Dagger            |    64 |    96 ||   160
       Spear             |       |    30 ||    30
 Cast: Magic Dart        |    39 |    61 ||   100
  Use: Scroll            |       |     1 ||     1
       Potion            |       |     2 ||     2
 Stab: Sleeping          |     2 |     1 ||     3
Armor: Skin              |    28 |    33 ||    61
Dodge: Dodged            |    81 |    56 ||   137
